 Dungeon Crawl Stone Soup version 0.30-a0-1114-gd936c97349 (webtiles) character file.

Game seed: 12435890193587003981

513772 Arzdou the Metallomancer (level 25, -6/126 HPs)
             Began as a Gargoyle Earth Elementalist on Apr 19, 2023.
             Was the Champion of Vehumet.
             Mangled by a storm dragon (9 damage)
             ... on level 2 of the Realm of Zot on Apr 20, 2023.
             The game lasted 04:45:27 (79700 turns).

Arzdou the Metallomancer (GrEE)                    Turns: 79700, Time: 04:45:27

Health: -6/126     AC: 40    Str: 24    XL:     25   Next: 14%
Magic:  40/48      EV:  8    Int: 28    God:    Vehumet [******]
Gold:   2205       SH:  9    Dex: 10    Spells: 10/67 levels left

rFire   + + .      SeeInvis +    a - +3 Elemental Staff {rElec rF+ rC+ AC+3}
rCold   + + +      Faith    .    u - +3 buckler
rNeg    + . .      Spirit   .    d - +6 leather armour "Salau" {rC++ Str+6}
rPois   ∞          Reflect  .    b - +2 helmet {SInv}
rElec   +          Rampage  .    q - scarf {repulsion}
rCorr   .                        W - +2 pair of gloves
Will    ++...                    K - +1 pair of boots "Saodas" {rC+ Int+3}
Stlth   ++                       L - amulet of Vitality {RegenMP++ Regen++}
HPRegen 2.01/turn                s - ring of wizardry
MPRegen 1.11/turn                Z - ring "Buhaonyc" {rF+ Will+ Str+3}

@: flying, constricted, studying 3 skills, repel missiles
A: sickness immunity, AC +19, big wings, negative energy resistance 1,
electricity resistance, torment resistance 1, petrification resistance,
deterioration 1
}: 3/15 runes: serpentine, barnacled, abyssal
a: Renounce Religion


You were on level 2 of the Realm of Zot.
You worshipped Vehumet.
Vehumet was exalted by your worship.
You visited 10 branches of the dungeon, and saw 44 of its levels.
You visited the Abyss 3 times.
You also visited: Trove and Wizlab.

You collected 6975 gold pieces.
You spent 4770 gold pieces at shops.

Inventory:

Hand Weapons
 a - the +3 Elemental Staff (weapon) {rElec rF+ rC+ AC+3}
   (You acquired it on level 3 of the Lair of Beasts)

   It enhances your fire, ice, earth and air magic.
   AC:        It affects your AC (+3).
   rF:        It protects you from fire.
   rC:        It protects you from cold.
   rElec:     It insulates you from electricity.
Missiles
 R - 5 throwing nets
Armour
 b - a +2 helmet of see invisible (worn)
 d - the +6 leather armour "Salau" (worn) {rC++ Str+6}
   (You found it on level 15 of the Dungeon)

   Str:       It affects your strength (+6).
   rC:        It greatly protects you from cold.
 q - a scarf of repulsion (worn)
 u - a +3 buckler (worn)
 K - the +1 pair of boots "Saodas" (worn) {rC+ Int+3}
   (You found it on level 4 of the Lair of Beasts)

   Int:       It affects your intelligence (+3).
   rC:        It protects you from cold.
 W - a +2 pair of gloves (worn)
Jewellery
 o - a +6 ring of intelligence
 s - a ring of wizardry (left hand)
 B - a ring of willpower
 F - a ring of resist corrosion
 L - the amulet of Vitality (around neck) {RegenMP++ Regen++}
   (You bought it in a shop on level 1 of the Vaults)

   [amulet of magic regeneration]

   It increases your rate of magic regeneration.
   Regen:     It increases your rate of health regeneration.
 O - a ring of protection from fire
 V - a ring of positive energy
 X - a ring of wizardry
 Z - the ring "Buhaonyc" (right hand) {rF+ Will+ Str+3}
   (You bought it in a shop on level 1 of the Vaults)

   [ring of protection from fire]

   Str:       It affects your strength (+3).
   rF:        It protects you from fire.
   Will:      It increases your willpower.
Wands
 r - a wand of digging (18)
 y - a wand of quicksilver (25)
 D - a wand of flame (101)
 H - a wand of roots (43)
 Q - a wand of polymorph (43)
 T - a wand of paralysis (6)
 Y - a wand of mindburst (7)
Scrolls
 f - 6 scrolls of vulnerability
 i - 6 scrolls of fog
 k - 2 scrolls of silence
 l - 11 scrolls of blinking
 p - 2 scrolls of summoning
 v - 9 scrolls of poison
 C - 9 scrolls of teleportation
 J - 4 scrolls of fear
 M - 3 scrolls of magic mapping
 P - 4 scrolls of torment
Potions
 c - 8 potions of lignification
 g - 7 potions of haste
 h - 16 potions of curing
 m - 10 potions of mutation
 n - 13 potions of heal wounds
 w - 4 potions of attraction
 x - 3 potions of invisibility
 z - 7 potions of flight
 A - 9 potions of resistance
 E - 4 potions of cancellation
 G - 5 potions of brilliance
 I - 7 potions of might
 S - 7 potions of ambrosia
Miscellaneous
 N - a phantom mirror


   Skills:
 + Level 4.2 Fighting
 + Level 0.4(7.5) Maces & Flails
 + Level 11.9(12.0) Staves
 - Level 1.3 Ranged Weapons
 + Level 5.9 Armour
 - Level 2.3 Dodging
 + Level 5.2 Stealth
 * Level 9.0 Shields
 * Level 21.7 Spellcasting
 * Level 19.2 Conjurations
 + Level 0.2 Summonings
 + Level 8.6 Translocations
 + Level 5.5 Transmutations
 * Level 11.6 Fire Magic
 + Level 5.0 Ice Magic
 + Level 6.5 Air Magic
 * Level 25.4 Earth Magic
 - Level 10.0 Evocations


You had 10 spell levels left.
You knew the following spells:

 Your Spells              Type           Power      Damage    Failure   Level
a - Plasma Beam           Fire/Air       55%        2x1d77    1%          6
b - Stone Arrow           Conj/Erth      100%       3d13      0%          3
c - Shatter               Erth           65%        3d48*     1%          9
d - Passwall              Tmut/Erth      90%        N/A       0%          2
e - Blink                 Tloc           100%       N/A       1%          2
f - Freeze                Ice            100%       1d10      1%          1
g - Iron Shot             Conj/Erth      62%        9d12      1%          6
h - Iskenderun's Battles  Conj           95%        2d14      0%          5
i - Passage of Golubria   Tloc           68%        N/A       1%          4
j - Freezing Cloud        Conj/Ice/Air   57%        6-21      1%          5
k - Lehudib's Crystal Sp  Conj/Erth      62%        10d14     1%          8
l - Starburst             Conj/Fire      54%        6d15      1%          6

Your spell library contained the following spells:

 Spells                   Type           Power      Damage    Failure   Level
 Ignition                 Fire           48%        3d14      11%         8
 Fire Storm               Conj/Fire      54%        8d14      30%         9
 Foxfire                  Conj/Fire      100%       2x1d9     0%          1
 Magic Dart               Conj           100%       1d8       0%          1
 Sandblast                Erth           100%       2d20      0%          1
 Shock                    Conj/Air       100%       1d9       0%          1
 Momentum Strike          Conj/Tloc      100%       3d10      0%          2
 Lee's Rapid Deconstruct  Erth           65%        3d30*     0%          5
 Beastly Appendage        Tmut           100%       N/A       1%          1
 Slow                     Hex            100%       N/A       1%          1
 Sting                    Tmut/Pois      100%       1d8       1%          1
 Call Imp                 Summ           62%        N/A       1%          2
 Ensorcelled Hibernation  Hex/Ice        100%       N/A       1%          2
 Lesser Beckoning         Tloc           100%       N/A       1%          2
 Poisonous Vapours        Pois/Air       100%       N/A       1%          2
 Wereblood                Tmut           57%        N/A       1%          2
 Call Canine Familiar     Summ           31%        N/A       1%          3
 Confusing Touch          Hex            30%        N/A       1%          3
 Dazzling Flash           Conj/Hex       100%       N/A       1%          3
 Frozen Ramparts          Ice            100%       1d16      1%          3
 Gell's Gravitas          Tloc           68%        N/A       1%          3
 Ignite Poison            Fire/Tmut/Pois 76%        N/A       1%          3
 Inner Flame              Hex/Fire       76%        N/A       1%          3
 Mephitic Cloud           Conj/Pois/Air  87%        N/A       1%          3
 Ozocubu's Armour         Ice            73%        N/A       1%          3
 Portal Projectile        Hex/Tloc       100%       N/A       1%          3
 Spider Form              Tmut/Pois      45%        N/A       1%          3
 Swiftness                Air            79%        N/A       1%          3
 Teleport Other           Tloc           68%        N/A       1%          3
 Vhi's Electric Charge    Tloc/Air       100%       N/A       1%          3
 Airstrike                Air            39%        2d(6-22)  1%          4
 Animate Armour           Summ/Erth      100%       N/A       1%          4
 Flame Wave               Conj/Fire      100%       2d21      1%          4
 Ice Form                 Ice/Tmut       74%        N/A       1%          4
 Leda's Liquefaction      Hex/Erth       50%        N/A       1%          4
 Manifold Assault         Tloc           68%        N/A       1%          4
 Petrify                  Tmut/Erth      100%       N/A       1%          4
 Sticky Flame             Conj/Fire      100%       2d11      1%          4
 Summon Lightning Spire   Summ/Air       65%        N/A       1%          4
 Arcjolt                  Conj/Air       50%        1d60      1%          5
 Blade Hands              Tmut           28%        N/A       1%          5
 Borgnjor's Vile Clutch   Necr/Erth      50%        N/A       1%          5
 Fireball                 Conj/Fire      54%        3d21      1%          5
 Irradiate                Conj/Tmut      39%        3d24      1%          5
 Yara's Violent Unravell  Hex/Tmut       22%        3d10      1%          5
 Conjure Ball Lightning   Conj/Air       50%        3x3d17    1%          6
 Orb of Destruction       Conj           47%        9d12      1%          7
 Olgreb's Toxic Radiance  Pois           30%        N/A       2%          4
 Summon Ice Beast         Ice/Summ       61%        N/A       2%          4
 Summon Forest            Summ/Tloc      26%        N/A       3%          5
 Dispersal                Tloc           34%        N/A       3%          6
 Spellforged Servitor     Conj/Summ      35%        N/A       3%          7
 Silence                  Hex/Air        32%        N/A       4%          5
 Alistair's Intoxication  Tmut/Pois      30%        N/A       6%          5
 Anguish                  Hex/Necr       15%        N/A       7%          4
 Animate Dead             Necr           30%        N/A       7%          4
 Dispel Undead            Necr           30%        3d14      7%          4
 Metabolic Englaciation   Hex/Ice        30%        N/A       7%          5
 Eringya's Noxious Bog    Tmut/Pois      22%        N/A       10%         6
 Summon Mana Viper        Hex/Summ       31%        N/A       17%         5
 Agony                    Necr           30%        N/A       19%         5
 Simulacrum               Ice/Necr       30%        N/A       34%         6
 Storm Form               Tmut/Air       38%        N/A       43%         7
 Dragon Form              Tmut           28%        N/A       50%         7
 Maxwell's Capacitive Co  Air            39%        ∞         54%         8
 Chain Lightning          Conj/Air       50%        3d67      58%         9
 Summon Cactus Giant      Summ           15%        N/A       65%         6
 Death Channel            Necr           15%        N/A       67%         6
 Disjunction              Tloc           34%        N/A       75%         8
 Monstrous Menagerie      Summ           15%        N/A       99%         7
 Summon Hydra             Summ           15%        N/A       99%         7
 Cigotuvi's Dreadful Rot  Necr/Pois/Air  Unusable   N/A       N/A         2
 Sublimation of Blood     Necr           Unusable   N/A       N/A         2
 Statue Form              Tmut/Erth      Unusable   N/A       N/A         6

Dungeon Overview and Level Annotations

Branches:
Dungeon (15/15)            Temple (1/1) D:7            Lair (5/5) D:10
 Shoals (4/4) Lair:2        Snake (4/4) Lair:3        Slime (0/5) Lair:5
    Orc (2/2) D:12            Elf (3/3) Orc:2        Vaults (4/5) D:14
  Crypt (0/3) Vaults:2     Depths (4/4) D:15            Zot (2/5) Depths:4
 WizLab (visited)

Altars:
Ashenzari
Cheibriados
Dithmenos
Elyvilon
Fedhas
Gozag
Hepliaklqana
Kikubaaqudgha
Makhleb
Nemelex Xobeh
Okawaru
Qazlal
Ru
Sif Muna
Trog
Uskayaw
Vehumet
Wu Jian
Xom
Yredelemnul
Zin
The Shining One
Jiyva

Shops:
D:5 [   Orc:2 *:![   Elf:2 ?   Snake:3 *[[[   Vaults:1 =   Vaults:2 :
Vaults:4 :

Portals:
Hell: Depths:1 Depths:2 Depths:3 Depths:4
Abyss: Depths:3 Depths:4
Pandemonium: Orc:2 Depths:2 Depths:4
Ziggurat: Depths:2

Annotations:
D:11 1 transporter
Lair:3 exclusion: oklob plant
Elf:2 3 runed translucent doors


Innate Abilities, Weirdness & Mutations

You are immune to sickness and miasma.
Your stone body is resilient. (AC +19)
You are immune to poison.
Your large and strong wings let you fly.
You resist negative energy. (rN+)
You are resistant to electric shocks. (rElec)
You are resistant to unholy torment.
You are immune to petrification.
Your body sometimes deteriorates upon taking damage.


Message History

Found a battleaxe.
The golden dragon bites you!
* * * LOW HITPOINT WARNING * * *
You block the golden dragon's attack.
The golden dragon tramples you but does no damage.
The storm dragon bites you but does no damage.
The storm dragon claws you but does no damage.
The storm dragon tramples you but does no damage.
The tentacled monstrosity tentacle-slaps you but does no damage. x2
You block the tentacled monstrosity's attack.
The tentacled monstrosity constricts you.
* * * LOW HITPOINT WARNING * * *
The storm dragon bites you!
* * * LOW HITPOINT WARNING * * *
The storm dragon claws you but does no damage.
The storm dragon tramples you but does no damage.
The golden dragon bites you!!
* * * LOW HITPOINT WARNING * * *
The golden dragon claws you but does no damage.
The golden dragon tramples you but does no damage.
A golden dragon comes into view.
Unknown command.
Okay, then.
Okay, then.
Blink to where?
Press: ? - help, Dir - move target The tentacled monstrosity's grasp on you weakens, but your attempt to escape fails.
As you read the scroll of blinking, it crumbles to dust.
The storm dragon bites you but does no damage.
The storm dragon barely misses you.
The storm dragon tramples you but does no damage.
The tentacled monstrosity tentacle-slaps you but does no damage.
The tentacled monstrosity tentacle-slaps you.
* * * LOW HITPOINT WARNING * * *
The tentacled monstrosity tentacle-slaps you but does no damage.
The tentacled monstrosity constricts you.
You block the golden dragon's attack.
The golden dragon claws you but does no damage.
The golden dragon closely misses you. The storm dragon bites you!
You die...

#..<# ...####...
.. ..#.. ..# ...
.... ..#.... ...
..#.... .. .....
.#...# #.D.## q
## ##@...#
d.###.###.DDX..#
.........))d.##.#
........[....# ).
.........#.d....
.
z........#.......
....>...##......#
..##.... .....D##
. #. ..


You could see a tentacled monstrosity (berserk), 2 golden dragons, 2 storm
dragons, a black draconian and a yellow draconian.

Vanquished Creatures
  A juggernaut (Depths:3)
  Sojobo (Vaults:2)
  Bai Suzhen (Vaults:4)
  A Killer Klown (Zot:1)
  Saint Roka (Snake:3)
  Xtahua (Vaults:4)
  A curse toe (Zot:1)
  Nikola (Elf:1)
  3 bone dragons (Abyss:3)
  9 golden dragons
  An iron giant (Depths:2)
  Jorgrun (Snake:3)
  7 tentacled monstrosities
  Cloud Mage (WizLab)
  A lich (Depths:4)
  2 walking earthen tomes
  3 deep elf blademasters (Elf:3)
  A Hell Sentinel (Abyss:5)
  Mlioglotl (Snake:2)
  3 quicksilver dragons (Zot:1)
  A walking frostbound tome (Depths:3)
  3 deep elf master archers (Elf:3)
  Kirke (D:13)
  3 death cobs
  2 tentacled starspawn
  4 sphinxes
  A draconian monk (Zot:1)
  7 tengu reavers
  4 storm dragons
  A shadow dragon (Zot:1)
  5 nagarajas
  The ghost of Domino the Severer, a journeyman MiBe of Trog (Orc:2)
  4 frost giants
  Aizul (Shoals:4)
  An iron dragon (Depths:4)
  6 fire giants
  9 deep elf sorcerers
  5 draconian scorchers
  2 draconian knights
  A caustic shrike zombie (Depths:3)
  9 vault wardens
  A cacodemon (Depths:2)
  Louise (Snake:3)
  2 draconian stormcallers
  2 orc warlords
  A ghoul (Vaults:2)
  5 deep elf elementalists (Elf:3)
  A war gargoyle (Vaults:4)
  28 very ugly things
  14 ironbound preservers
  4 draconian annihilators
  16 stone giants
  10 ironbound thunderhulks
  Nessos (Lair:4)
  5 deep elf demonologists
  4 deep elf annihilators
  7 black draconians
  4 green draconians
  24 dire elephants
  4 purple draconians
  5 yellow draconians
  9 spark wasps
  Azrael (D:12)
  3 red draconians
  3 white draconians (Zot:1)
  The ghost of funkygono the Severer, a journeyman MiFi of Okawaru (Lair:3)
  The ghost of alfthe the Severer, a journeyman HOFi of Yredelemnul (Lair:2)
  An eidolon (Depths:4)
  6 ettins
  A green death (Abyss:3)
  8 deep elf death magi
  Snorg (D:13)
  4 merfolk javelineers
  7 merfolk impalers
  6 crystal guardians
  An entropy weaver (Vaults:2)
  5 fire dragons
  5 blizzard demons
  11 yaktaur captains
  5 deep elf high priests
  8 great orbs of eyes
  5 hydras
  Fannar (Orc:1)
  8 peacekeepers
  A spriggan skeleton (Depths:3)
  2 ogre magi (Depths:4)
  8 ice dragons
  5 vault guards
  2 demonspawn
  A rakshasa (Depths:1)
  3 merfolk avatars
  4 salamander tyrants (Snake:4)
  A hell beast (Depths:1)
  9 spriggan air magi
  3 ironbound frosthearts
  2 ghost crabs (WizLab)
  A merfolk aquamancer (Shoals:4)
  3 anacondas
  9 boulder beetles
  8 dancing weapons
  9 centaur warriors
  A satyr (shapeshifter) (Depths:2)
  4 satyrs
  3 two-headed ogres
  7 tengu warriors
  A death knight (Vaults:2)
  Urug (Orc:1)
  4 hell hogs (Depths:2)
  13 naga warriors
  6 deep troll earth magi
  5 deep troll shamans
  8 orc high priests
  11 thrashing horrors
  5 death yaks
  13 shock serpents
  A vampire mage (Depths:3)
  8 naga sharpshooters
  3 spriggan berserkers
  3 sun demons (Depths:2)
  16 deep elf knights
  5 soul eaters
  2 wretched stars (Abyss:3)
  16 hell knights
  3 salamander mystics
  3 skysharks
  10 sea snakes
  7 iron trolls
  A sixfirhy (Abyss:1)
  53 deep trolls
  5 glowing orange brains
  Lodul (D:13)
  A quicksilver dragon simulacrum (Depths:1)
  An orb spider (shapeshifter) (Vaults:1)
  8 deep elf archers
  2 death drakes
  A flayed ghost (Abyss:5)
  2 phantasmal warriors
  10 lindwurms
  11 orc knights
  Pikel (D:7)
  15 harpies
  5 starcursed masses (Abyss:3)
  11 wizards
  2 naga ritualists (Snake:4)
  34 deep elf zephyrmancers
  8 necromancers
  11 ironbound convokers
  An anaconda skeleton (Abyss:1)
  8 orc sorcerers
  A golden dragon skeleton (Depths:3)
  29 deep elf pyromancers
  31 ugly things
  A worldbinder (Abyss:4)
  4 mana vipers
  7 cyclopes
  17 manticores
  12 salamanders
  A wolf spider (Depths:4)
  23 fauns
  11 moths of wrath
  A stone giant skeleton (Vaults:4)
  18 elephants
  A rust devil (Depths:2)
  A salamander (shapeshifter) (D:14)
  A moth of wrath (shapeshifter) (Vaults:3)
  5 water nymphs
  4 apocalypse crabs (WizLab)
  13 naga magi
  7 merfolk sirens
  4 guardian serpents
  17 vault sentinels
  A guardian serpent (shapeshifter) (Abyss:3)
  A frost giant skeleton (Depths:3)
  An elephant (shapeshifter) (Abyss:3)
  24 black mambas
  A gargoyle (D:12)
  5 smoke demons
  12 cane toads
  An orange demon (Abyss:1)
  Maggie (D:7)
  5 kobold demonologists
  A hellion (Depths:2)
  Psyche (D:9)
  8 komodo dragons
  3 rime drakes
  5 efreet
  3 freezing wraiths
  7 ancient zymes
  2 human skeletons
  32 yaktaurs
  A tormentor (Vaults:3)
  An ice devil (Depths:2)
  4 tengu conjurers
  A red devil (Orc:2)
  5 trolls
  3 hellwings
  5 polar bears
  A tengu simulacrum (Vaults:4)
  A wind drake (shapeshifter) (Abyss:1)
  11 blink frogs
  8 hornets
  2 dream sheep
  10 raiju
  5 wind drakes
  24 merfolk
  51 slime creatures
  6 snapping turtles
  4 flying skulls
  A human simulacrum (Vaults:4)
  12 spriggans (Lair:5)
  12 air elementals
  2 shadows
  2 wraiths
  A vampire (D:11)
  18 water elementals
  A ynoxinul (Abyss:1)
  2 basilisks
  3 fire bats (Abyss:3)
  2 wyverns
  52 yaks
  3 fire elementals (D:12)
  2 golden eyes (Depths:4)
  A golden eye (shapeshifter) (Depths:4)
  4 neqoxecs
  A hog (Depths:4)
  4 redbacks
  5 vampire mosquitoes
  A chaos spawn (Abyss:1)
  A steam dragon (D:9)
  4 wargs
  8 small abominations
  A glowing shapeshifter zombie (Depths:3)
  2 hell hounds
  11 water moccasins
  44 nagas
  A floating eye (Depths:3)
  42 orc warriors
  10 large abominations
  4 sky beasts
  5 ice beasts
  24 wolves
  5 black bears
  17 ogres
  12 boggarts
  2 lemures (D:7)
  2 phantoms
  4 kobold brigands
  10 bullfrogs
  2 earth elementals (Elf:3)
  2 gnoll sergeants
  2 scorpions
  12 wights
  6 killer bees
  A vampire bat (Depths:4)
  4 electric eels
  7 howler monkeys
  Crazy Yiuf (D:7)
  6 hounds
  A jelly (D:7)
  27 orc priests
  3 iron imps (Abyss:1)
  A gnoll bouda (D:7)
  Jessica (D:2)
  5 iguanas
  A sleepcap (D:7)
  Terence (D:2)
  23 orc wizards
  4 lightning spires (Depths:4)
  A boggart simulacrum (D:15)
  Robin (D:3)
  18 gnolls
  8 adders
  3 white imps
  2 ufetubi
  2 dart slugs
  69 orcs
  5 ball pythons
  4 bats
  5 endoplasms
  4 giant cockroaches
  18 goblins
  13 hobgoblins
  5 jackals
  20 kobolds
  4 quokkas
  2 frilled lizards (D:2)
  8 rats
  A lurking horror (Abyss:1)
  A starspawn tentacle (Abyss:3)
1882 creatures vanquished.

Vanquished Creatures (others)
  A wizard (Vaults:2)
  2 humans (D:13)
  A small abomination (Abyss:1)
  A ball lightning (Depths:4)
  38 fungi
  253 plants
  10 starspawn tentacles
306 creatures vanquished.

Grand Total: 2188 creatures vanquished

Notes
Turn   | Place    | Note
-------+----------+-------------------------------------------
     0 | D:1      | Arzdou the Gargoyle Earth Elementalist began the quest for
                  | the Orb.
     0 | D:1      | Reached XP level 1. HP: 10/10 MP: 3/3
   228 | D:1      | Reached skill level 4 in Earth Magic
   228 | D:1      | Reached XP level 2. HP: 15/15 MP: 3/5
   279 | D:1      | You fall into a shaft and drop 1 floor!
   519 | D:1      | Reached XP level 3. HP: 19/19 MP: 4/6
   669 | D:1      | Reached skill level 5 in Earth Magic
   999 | D:1      | Learned a level 3 spell: Stone Arrow
  1032 | D:1      | Upgraded the game from 0.30-a0-1112-gfb780f5df6 to
                  | 0.30-a0-1114-gd936c97349
  1271 | D:2      | Noticed Terence
  1316 | D:2      | Noticed a phantom
  1318 | D:2      | Killed Terence
  1319 | D:2      | Reached skill level 1 in Fighting
  1319 | D:2      | Reached XP level 4. HP: 4/25 MP: 4/7
  1424 | D:2      | Killed a phantom
  1425 | D:2      | Reached skill level 6 in Earth Magic
  1425 | D:2      | Reached XP level 5. HP: 17/29 MP: 3/9
  1869 | D:2      | Noticed Jessica
  1874 | D:2      | Killed Jessica
  1875 | D:2      | Reached skill level 1 in Armour
  2401 | D:3      | Reached XP level 6. HP: 34/34 MP: 6/10
  2604 | D:3      | Noticed a shining eye
  2660 | D:3      | Noticed a black bear
  2668 | D:3      | Reached skill level 1 in Conjurations
  2774 | D:3      | Killed a black bear
  2775 | D:3      | Reached skill level 7 in Earth Magic
  2876 | D:3      | Noticed Robin
  2947 | D:3      | Noticed an eye of devastation
  2959 | D:3      | Found a faded altar of an unknown god.
  2963 | D:3      | Noticed a floating eye
  2966 | D:3      | Noticed a great orb of eyes
  3093 | D:3      | Reached XP level 7. HP: 38/38 MP: 10/12
  3111 | D:3      | Killed Robin
  3649 | D:5      | Entered Level 5 of the Dungeon
  3738 | D:4      | Reached skill level 8 in Earth Magic
  3878 | D:4      | Found a sacrificial altar of Ru.
  3883 | D:4      | Found a sparkling altar of Nemelex Xobeh.
  3967 | D:4      | Found a shadowy altar of Dithmenos.
  4490 | D:5      | Identified the +4 ring mail "Niavam" {Dex+5}
  4599 | D:5      | Reached skill level 1 in Ranged Weapons
  4599 | D:5      | Reached XP level 8. HP: 43/43 MP: 7/14
  4754 | D:5      | Found Zawibucw's Armour Shop.
  4760 | D:5      | Bought a +0 buckler for 54 gold pieces
  4937 | D:5      | Reached skill level 9 in Earth Magic
  5007 | D:5      | Identified the +4 spear of Izeuno {protect, *Noise Dex+8}
  5669 | D:5      | Learned a level 4 spell: Petrify
  5734 | D:5      | Learned a level 2 spell: Passwall
  5906 | D:6      | Reached skill level 10 in Earth Magic
  5952 | D:6      | Reached skill level 5 in Spellcasting
  5952 | D:6      | Reached skill level 1 in Transmutations
  6055 | D:6      | Reached XP level 9. HP: 47/47 MP: 12/16
  6092 | D:6      | Identified the +1 scale mail "Diag" {Drain rCorr Int+3
                  | Dex+3}
  6310 | D:7      | Noticed Maggie
  6556 | D:7      | Reached skill level 11 in Earth Magic
  6699 | D:7      | Found a runed translucent door.
  6700 | D:7      | Noticed Crazy Yiuf
  6738 | D:7      | Killed Crazy Yiuf
  6942 | D:7      | Noticed Pikel
  6974 | D:7      | Killed Pikel
  6980 | D:7      | Learned a level 4 spell: Animate Armour
  7148 | D:7      | Reached skill level 12 in Earth Magic
  7235 | Abyss:1  | Cast into level 1 of the Abyss (Maggie)
  7268 | Abyss:1  | Noticed an efreet
  7302 | Abyss:1  | Reached XP level 10. HP: 26/52 MP: 6/19
  7430 | Abyss:1  | Noticed a sixfirhy
  7507 | Abyss:1  | Noticed a smoke demon
  7523 | Abyss:1  | Noticed an orange demon
  7524 | Abyss:1  | Killed a sixfirhy
  7530 | Abyss:1  | Killed an orange demon
  7552 | Abyss:1  | Noticed an eidolon
  7555 | D:7      | Escaped the Abyss
  7651 | D:7      | Found a staircase to the Ecumenical Temple.
  7706 | Temple   | Entered the Ecumenical Temple
  7713 | Temple   | Became a worshipper of Vehumet
  7786 | Abyss:1  | Cast into level 1 of the Abyss (Maggie)
  7813 | Abyss:1  | Noticed a smoke demon
  7822 | Abyss:1  | Reached skill level 1 in Shields
  7824 | Abyss:1  | Reached skill level 13 in Earth Magic
  8164 | Abyss:1  | Noticed a thrashing horror
  8240 | Abyss:1  | Reached skill level 5 in Conjurations
  8497 | D:7      | Escaped the Abyss
  8745 | D:8      | Reached XP level 11. HP: 52/57 MP: 20/22
  8848 | D:8      | Noticed a centaur warrior
  8856 | D:8      | Killed a centaur warrior
  8857 | D:8      | Reached skill level 14 in Earth Magic
  9016 | D:8      | Reached * piety under Vehumet
  9016 | D:8      | Offered knowledge of Freeze by Vehumet.
  9020 | D:8      | Learned a level 1 spell: Freeze
  9557 | D:8      | Noticed a two-headed ogre
  9689 | D:8      | Killed a two-headed ogre
 10103 | D:8      | Found a glowing silver altar of Zin.
 10382 | D:9      | Reached skill level 15 in Earth Magic
 10584 | D:9      | Noticed Psyche
 10662 | D:9      | Reached ** piety under Vehumet
 10662 | D:9      | Offered knowledge of Magic Dart by Vehumet.
 10777 | D:9      | Killed Psyche
 11072 | D:10     | Entered Level 10 of the Dungeon
 11268 | D:10     | Found a staircase to the Lair.
 11457 | D:10     | Noticed a two-headed ogre
 11607 | D:10     | Killed a two-headed ogre
 12146 | D:11     | Found a transporter.
 12146 | D:11     | Found a transporter.
 12200 | D:10     | Learned a level 6 spell: Iron Shot
 12291 | D:10     | Reached XP level 12. HP: 62/62 MP: 22/24
 12333 | D:11     | Reached skill level 16 in Earth Magic
 12628 | D:11     | Offered knowledge of Inner Flame by Vehumet.
 13009 | D:11     | Noticed a two-headed ogre
 13022 | D:11     | Killed a two-headed ogre
 13302 | D:11     | Found a transporter.
 13304 | D:11     | Found a transporter.
 13681 | D:11     | Found a transporter.
 13686 | D:11     | Found a transporter.
 13956 | Lair:1   | Entered Level 1 of the Lair of Beasts
 13964 | Lair:1   | Reached skill level 1 in Ice Magic
 14093 | Lair:1   | Noticed a boulder beetle
 14121 | Lair:1   | Killed a boulder beetle
 14286 | Lair:1   | Reached skill level 17 in Earth Magic
 14498 | Lair:1   | Reached *** piety under Vehumet
 15555 | Lair:2   | Found a blossoming altar of Fedhas.
 15928 | Lair:2   | Found a staircase to the Shoals.
 16019 | Lair:2   | Found a runed translucent door.
 16402 | Lair:2   | Reached XP level 13. HP: 67/67 MP: 21/26
 17000 | Lair:2   | Noticed alfthe's ghost (journeyman HOFi)
 17200 | Lair:3   | Identified 2 scrolls of acquirement
 17200 | Lair:3   | Acquired a book of the Spheres
 17202 | Lair:3   | Acquired the +3 Elemental Staff {rElec rF+ rC+ AC+3}
 17202 | Lair:3   | Found the +3 Elemental Staff {rElec rF+ rC+ AC+3}
 17216 | Lair:2   | Learned a level 5 spell: Fireball
 17599 | Lair:2   | Found a runed translucent door.
 17634 | Lair:2   | Found a staircase to the Shoals.
 17856 | Lair:2   | Found a blossoming altar of Fedhas.
 18213 | Lair:3   | Reached skill level 1 in Staves
 18217 | Lair:3   | Reached skill level 10 in Spellcasting
 18222 | Lair:3   | Reached skill level 1 in Evocations
 18228 | Lair:3   | Learned a level 5 spell: Iskenderun's Battlesphere
 18520 | Lair:2   | Reached skill level 1 in Fire Magic
 19100 | Lair:3   | Offered knowledge of Hailstorm by Vehumet.
 19534 | Lair:3   | Found a staircase to the Snake Pit.
 20078 | Lair:3   | Found a blossoming altar of Fedhas.
 20310 | Lair:3   | Reached skill level 18 in Earth Magic
 20781 | Lair:3   | Found a runed translucent door.
 20791 | Lair:3   | Noticed funkygono's ghost (journeyman MiFi)
 21366 | Lair:3   | Killed funkygono's ghost
 21498 | Lair:3   | Identified the +1 lajatang "Toiwyrre" {freeze, Str+3 Int+3
                  | Dex+3}
 21875 | Lair:3   | Reached **** piety under Vehumet
 22656 | Lair:4   | Offered knowledge of Lee's Rapid Deconstruction by Vehumet.
 22661 | Lair:4   | Identified the +1 pair of boots "Saodas" {rC+ Int+3}
 22823 | Lair:4   | Gained mutation: Your large and strong wings let you fly.
                  | [Gargoyle growth]
 22823 | Lair:4   | Reached XP level 14. HP: 69/72 MP: 19/28
 23068 | Lair:4   | Reached skill level 10 in Conjurations
 23337 | Lair:5   | Entered Level 5 of the Lair of Beasts
 23337 | Lair:5   | Found a viscous altar of Jiyva.
 23337 | Lair:5   | Found a staircase to the Slime Pits.
 23866 | Lair:4   | Noticed Nessos
 23883 | Lair:4   | Killed Nessos
 25519 | Lair:4   | Reached ***** piety under Vehumet
 25992 | Lair:5   | Learned a level 5 spell: Lee's Rapid Deconstruction
 26043 | Lair:5   | Offered knowledge of Irradiate by Vehumet.
 26309 | Lair:5   | Reached skill level 5 in Staves
 26437 | Lair:5   | Reached skill level 5 in Fire Magic
 28017 | D:12     | Noticed Azrael
 28025 | D:12     | Killed Azrael
 28368 | D:12     | Found a staircase to the Orcish Mines.
 29430 | D:13     | Noticed Snorg
 29436 | D:13     | Killed Snorg
 29437 | D:13     | Reached XP level 15. HP: 78/78 MP: 14/30
 29703 | D:13     | Noticed Lodul
 29709 | D:13     | Killed Lodul
 29972 | D:13     | Noticed Kirke
 29992 | D:13     | Killed Kirke
 30587 | D:13     | Offered knowledge of Eringya's Noxious Bog by Vehumet.
 30588 | D:13     | Reached skill level 5 in Evocations
 30591 | D:13     | Learned a level 2 spell: Blink
 30623 | D:13     | Identified the +1 robe of Recklessness {rElec rC++ Str-5
                  | Int+3}
 31309 | D:14     | Reached skill level 5 in Transmutations
 32107 | D:14     | Reached skill level 19 in Earth Magic
 32203 | D:14     | Found a gate to the Vaults.
 32403 | D:15     | Entered Level 15 of the Dungeon
 32980 | D:15     | Reached skill level 5 in Stealth
 33710 | D:15     | Identified the +6 leather armour "Salau" {rC++ Str+6}
 34407 | D:15     | Found a staircase to the Depths.
 34582 | Orc:1    | Entered Level 1 of the Orcish Mines
 34604 | Orc:1    | Noticed Urug
 34623 | Orc:1    | Killed Urug
 34749 | Orc:1    | Noticed Fannar
 34755 | Orc:1    | Killed Fannar
 35299 | Orc:2    | Entered Level 2 of the Orcish Mines
 35299 | Orc:2    | Found a staircase to the Elven Halls.
 36317 | Orc:1    | Offered knowledge of Freezing Cloud by Vehumet.
 36619 | Orc:1    | Reached skill level 1 in Translocations
 36777 | Orc:1    | Reached XP level 16. HP: 54/81 MP: 32/32
 37047 | Orc:1    | HP: 2/83 [demonspawn (11)]
 37954 | Orc:2    | Learned a level 5 spell: Freezing Cloud
 38390 | Orc:2    | Found Vurut's Distillery.
 38392 | Orc:2    | Found Foculog's General Store.
 38709 | Orc:2    | Bought 2 potions of heal wounds for 150 gold pieces
 38709 | Orc:2    | Bought a potion of resistance for 150 gold pieces
 38709 | Orc:2    | Bought a potion of heal wounds for 75 gold pieces
 38764 | Orc:2    | Bought a scroll of teleportation for 45 gold pieces
 38764 | Orc:2    | Bought a potion of haste for 150 gold pieces
 38801 | Orc:2    | Found a runed translucent door.
 38802 | Orc:2    | Noticed Domino's ghost (journeyman MiBe)
 39125 | Orc:2    | Found Jubocoum's Book Emporium.
 39125 | Orc:2    | Found Kotem's Antique Armour Shoppe.
 39126 | Orc:2    | Found a one-way gate leading to the halls of Pandemonium.
 39134 | Orc:2    | Bought a book of the Earth for 612 gold pieces
 39423 | D:7      | Killed Maggie
 39622 | Snake:1  | Entered Level 1 of the Snake Pit
 41935 | Snake:2  | Noticed Mlioglotl
 41948 | Snake:2  | Killed Mlioglotl
 42945 | Snake:3  | Noticed Jorgrun
 42949 | Snake:3  | Killed Jorgrun
 43078 | Snake:3  | Noticed a nagaraja
 43249 | Snake:3  | Offered knowledge of Plasma Beam by Vehumet.
 43257 | Snake:3  | Killed a nagaraja
 43474 | Snake:3  | Found Kiczutuk's Antique Armour Shop.
 43474 | Snake:3  | Found Anat's Antique Armour Boutique.
 43475 | Snake:3  | Found Hidghuy's Antique Armour Shop.
 43479 | Snake:3  | Found Gorubaum's Assorted Antiques.
 43502 | Snake:3  | Noticed Saint Roka
 43652 | Snake:3  | Killed Saint Roka
 43911 | Snake:3  | Noticed Louise
 44450 | Snake:3  | Killed Louise
 44571 | Snake:3  | Noticed a nagaraja
 44591 | Snake:3  | Killed a nagaraja
 44688 | Snake:3  | Reached XP level 17. HP: 88/88 MP: 18/34
 45845 | Shoals:1 | Entered Level 1 of the Shoals
 46656 | Shoals:1 | Reached skill level 1 in Air Magic
 48211 | Shoals:2 | Reached skill level 5 in Translocations
 50010 | Shoals:4 | Entered Level 4 of the Shoals
 50026 | Shoals:4 | Reached skill level 20 in Earth Magic
 50224 | Shoals:4 | Offered knowledge of Yara's Violent Unravelling by Vehumet.
 50863 | Orc:2    | Bought a shiny helmet for 172 gold pieces
 50863 | Orc:2    | Bought a runed scarf for 184 gold pieces
 51774 | Shoals:4 | Noticed Aizul
 52125 | Shoals:4 | Killed Aizul
 52126 | Shoals:4 | Reached XP level 18. HP: 74/92 MP: 20/36
 53031 | Shoals:4 | Identified the amulet of the Philosopher {Acrobat -Tele
                  | Regen+ Str+2}
 53269 | Shoals:4 | Got a barnacled rune of Zot
 53810 | Snake:4  | Entered Level 4 of the Snake Pit
 54941 | Snake:4  | Reached skill level 5 in Armour
 55065 | Snake:4  | Learned a level 8 spell: Lehudib's Crystal Spear
 56408 | Snake:4  | Offered knowledge of Arcjolt by Vehumet.
 56842 | Snake:4  | Got a serpentine rune of Zot
 57137 | Vaults:1 | Entered Level 1 of the Vaults
 57143 | D:14     | Reached skill level 15 in Spellcasting
 58165 | Vaults:1 | Reached skill level 10 in Staves
 58460 | Vaults:1 | Found Ikhyuliq's Jewellery Boutique.
 58465 | Vaults:1 | Bought the amulet of Vitality {RegenMP++ Regen++} for 1700
                  | gold pieces
 58465 | Vaults:1 | Found the amulet of Vitality {RegenMP++ Regen++}
 59577 | Vaults:1 | Reached XP level 19. HP: 85/97 MP: 28/38
 60417 | Vaults:2 | Offered knowledge of Maxwell's Capacitive Coupling by
                  | Vehumet.
 60668 | Vaults:2 | Reached skill level 15 in Conjurations
 60680 | Vaults:2 | Reached skill level 21 in Earth Magic
 60864 | Vaults:2 | Noticed Sojobo
 60866 | Vaults:2 | Paralysed by an air elemental for 1 turns
 60915 | Vaults:2 | Found a staircase to the Crypt.
 61198 | Vaults:2 | Killed Sojobo
 61494 | Vaults:2 | Found Nufanela's Book Emporium.
 62438 | Vaults:3 | You are sucked into a shaft and drop 1 floor!
 62438 | Vaults:4 | Noticed Xtahua
 62439 | Vaults:4 | Paralysed by Xtahua for 3 turns
 62447 | Vaults:4 | Killed Xtahua
 62915 | Abyss:2  | Cast into level 2 of the Abyss (a wizard)
 62940 | Abyss:3  | Noticed a bone dragon
 62948 | Abyss:3  | Killed a bone dragon
 62949 | Abyss:3  | Reached skill level 10 in Evocations
 63045 | Abyss:3  | Reached XP level 20. HP: 103/103 MP: 37/40
 63045 | Abyss:3  | Noticed a bone dragon
 63052 | Abyss:3  | Killed a bone dragon
 63131 | Abyss:3  | Found a corrupted altar of Lugonu.
 63133 | Abyss:3  | Found a corrupted altar of Lugonu.
 63133 | Abyss:3  | Found a corrupted altar of Lugonu.
 63152 | Abyss:3  | Reached ****** piety under Vehumet
 63283 | Abyss:3  | Offered knowledge of Fire Storm by Vehumet.
 63283 | Abyss:3  | Offered knowledge of Chain Lightning by Vehumet.
 63283 | Abyss:3  | Offered knowledge of Ignition by Vehumet.
 63442 | Abyss:3  | Noticed a bone dragon
 63450 | Abyss:3  | Killed a bone dragon
 63589 | Abyss:3  | Found a corrupted altar of Lugonu.
 63645 | Abyss:3  | Found a corrupted altar of Lugonu.
 63668 | Abyss:3  | Reached skill level 22 in Earth Magic
 63735 | Abyss:3  | Got an abyssal rune of Zot
 63826 | Abyss:4  | Found a corrupted altar of Lugonu.
 63839 | Abyss:4  | Paralysed by accursed screaming for 1 turns
 63951 | Abyss:5  | Noticed a bone dragon
 63953 | Vaults:3 | Escaped the Abyss
 63973 | Vaults:3 | Gained mutation: Your body sometimes deteriorates upon
                  | taking damage. [a neqoxec]
 64521 | Vaults:3 | Learned a level 6 spell: Plasma Beam
 64526 | Vaults:3 | Learned a level 4 spell: Passage of Golubria
 64533 | Vaults:3 | Learned a level 6 spell: Starburst
 65347 | Vaults:4 | Noticed Bai Suzhen
 65377 | Vaults:4 | Reached XP level 21. HP: 107/107 MP: 38/42
 65383 | Vaults:4 | Killed Bai Suzhen
 66233 | Vaults:4 | Found Bingideu's Book Emporium.
 66419 | Vaults:4 | Reached skill level 23 in Earth Magic
 67283 | Lair:2   | Killed alfthe's ghost
 67519 | Orc:2    | Killed Domino's ghost
 67844 | Elf:1    | Entered Level 1 of the Elven Halls
 67947 | Elf:1    | Found a shimmering blue altar of Sif Muna.
 68044 | Elf:1    | Found a portal to a secret trove of treasure.
 68375 | Elf:1    | Got the Meditations on the Assistive Shot
 68464 | Elf:1    | Noticed Nikola
 68468 | Elf:1    | Killed Nikola
 68829 | Elf:2    | Found a magical portal.
 68848 | WizLab   | Entered The Chambers of the Cloud Mage
 68906 | WizLab   | Reached XP level 22. HP: 94/112 MP: 8/44
 69250 | WizLab   | Identified the +10 dagger "Wairapt" {drain, rElec Str-3
                  | Int+9 Dex-3}
 69250 | WizLab   | Noticed Beir
 69266 | WizLab   | Killed Beir the Cloud Mage
 69306 | WizLab   | Identified the staff of poison "Tydesch" {*Corrode rPois
                  | rC+ rN+ Str+3}
 69308 | WizLab   | Got the Treatise on Conduction
 69312 | WizLab   | Identified the ring "Laory" {Fly rCorr}
 69458 | Elf:2    | Acquired 1045 gold pieces
 69666 | Vaults:1 | Bought the ring "Buhaonyc" {rF+ Will+ Str+3} for 746 gold
                  | pieces
 69784 | Vaults:4 | Bought a book of Power for 504 gold pieces
 70152 | Elf:2    | Paralysed by an air elemental for 1 turns
 70191 | Elf:2    | Found Umoypse's Magic Scroll Shop.
 70200 | Elf:2    | Bought 3 scrolls of fear for 228 gold pieces
 70321 | Elf:2    | Found a runed translucent gate.
 70322 | Elf:2    | Found a runed translucent gate.
 70322 | Elf:2    | Found a runed translucent gate.
 70689 | Elf:3    | Entered Level 3 of the Elven Halls
 70745 | Elf:3    | Reached skill level 5 in Air Magic
 71555 | Elf:3    | Identified the ring "Veecsop" {Contam rPois rF+ Str+2
                  | Int+3}
 71629 | Elf:3    | Identified the +6 chain mail of the Ghostly God {rC+ Str+4}
 71718 | Elf:3    | Identified the +4 scale mail of Gumeuh {rElec rF+ rCorr}
 71772 | Elf:3    | Identified the +1 fire dragon scales of the Exceptional God
                  | {Harm rF++ rC- Int+2}
 71785 | Elf:3    | Identified the +1 morningstar "Jycsaina" {flame, rElec
                  | Will+ SInv}
 71790 | Elf:3    | Identified the +0 ring mail "Jaej Caa" {rElec rPois Dex+3
                  | SInv}
 71838 | Elf:3    | Identified the staff of fire "Osmutu" {rF+ Int+2}
 71851 | Elf:3    | Identified the staff of air "Pistih" {rElec rC- Int+4 Dex+8
                  | Stlth+}
 72207 | Depths:1 | Entered Level 1 of the Depths
 72287 | Depths:1 | Found a stormy altar of Qazlal.
 72353 | Depths:1 | Found an ornate altar of the Wu Jian Council.
 72397 | Depths:1 | Reached skill level 24 in Earth Magic
 72478 | Depths:1 | Reached skill level 5 in Shields
 72479 | Depths:1 | Reached XP level 23. HP: 116/116 MP: 39/46
 72875 | Depths:1 | Found a gateway to Hell.
 73324 | Depths:2 | Found a one-way gateway to a ziggurat.
 73706 | Depths:2 | Reached skill level 10 in Fire Magic
 73885 | Depths:2 | Found the +10 dark maul {heavy}
 75036 | Depths:3 | Noticed a juggernaut
 75065 | Depths:3 | Killed a juggernaut
 75149 | Depths:3 | Noticed a golden dragon
 75165 | Depths:3 | Killed a golden dragon
 75346 | Depths:3 | Identified the +5 mace of the Holding Boar {freeze, Str+4
                  | Int+3}
 75443 | Depths:3 | Noticed a golden dragon
 75446 | Depths:3 | Killed a golden dragon
 75447 | Depths:3 | Reached XP level 24. HP: 121/121 MP: 26/47
 75511 | Depths:3 | Found a one-way gate to the infinite horrors of the Abyss.
 75580 | Depths:3 | Identified the +5 shortbow "Nustruis" {heavy, rF+}
 75688 | Depths:4 | Entered Level 4 of the Depths
 75857 | Depths:4 | Found a gate to the Realm of Zot.
 76068 | Depths:4 | Got Begeowk's Quarto of the Assassin
 76749 | Elf:1    | You paid a toll of a +6 demon blade to enter a treasure
                  | trove
 76750 | Trove    | Entered a treasure trove
 76777 | Trove    | Got Lalliuga's Vellum of Changing Cleavage
 76795 | Trove    | Got Zuzuraol's Book of the Numb Rocks
 76847 | Trove    | Learned a level 9 spell: Shatter
 77683 | Depths:4 | Got the Parchment of Distant Shores
 77896 | Depths:4 | Reached skill level 25 in Earth Magic
 78033 | Depths:4 | Got Enyogewn's Papyrus of the Jinx
 78120 | Zot:1    | Entered Level 1 of the Realm of Zot
 78635 | Zot:1    | Reached skill level 5 in Ice Magic
 79196 | Zot:1    | Reached XP level 25. HP: 126/126 MP: 41/48
 79620 | Zot:2    | Noticed a Killer Klown
 79654 | Zot:1    | Killed a Killer Klown
 79699 | Zot:2    | HP: 5/126 [golden dragon (21)]
 79700 | Zot:2    | Mangled by a storm dragon

Illustrated notes

Levels and vault maps discovered:
D:1:      amcnicky_arrival_wind_blow, layout_basic
D:2:      layout_loops_corners, kennysheep_minor_cross, uniq_jessica,
          uniq_terence
D:3:      layout_rooms, hellmonk_ecumenical_altar_watching_god, uniq_robin
D:4:      minmay_octagon_keep, layout_basic, grunt_temple_overflow_open,
          cheibrodos_gnoll_hut
D:5:      layout_loops_ring, serial_shops, shop, minmay_door_square
D:6:      layout_rooms, hex_medium
D:7:      layout_basic, minmay_temple_entry_crystal_x, serial_shops,
          nicolae_shop_just_a_little_nook, uniq_crazy_yiuf_cottage, uniq_pikel,
          uniq_maggie
D:8:      layout_loops_ring, zin_treasury, minmay_manual_moon
D:9:      layout_irregular_city, uniq_psyche
D:10:     layout_gridville, hellmonk_lair_entry_icy
D:11:     layout_long_grid, serial_nicolae_subway, nicolae_sub_station_crystal,
          nicolae_sub_station_metal, nicolae_sub_station_stone
D:12:     layout_basic, orc_0_dummy, uniq_azrael
D:13:     layout_basic, minmay_quadrilaterals, uniq_snorg, uniq_lodul,
          uniq_kirke
D:14:     layout_basic, skrybe_vaults_entry_preservation
D:15:     grunt_enter_depths_hoard, layout_basic, minmay_misc_feat_rows
Temple:   nicolae_temple_no_exploring_needed
Lair:1:   layout_cave_pods
Lair:2:   layout_chaotic_city, nicolae_shoals_entry_roost, basic_altar,
          hellmonk_ghost_happy_afterlife, serial_bayou_pond_c
Lair:3:   layout_layer_cave, minmay_snake_entry_six_corridors,
          ebering_ghost_reflecting_pool, tgw_fedhas, serial_bayou_shore_a
Lair:4:   layout_cave_pods, grunt_megastairs_4, uniq_nessos
Lair:5:   minmay_lair_end_enchanted_forest, layout_regular_city, slime_entry_1
Shoals:1: layout_shoals
Shoals:2: layout_shoals
Shoals:3: layout_shoals, nzn_prometheus_bound
Shoals:4: shoals_end_grunt_garden, layout_shoals, uniq_aizul
Snake:1:  layout_chambers, nicolae_integral_box
Snake:2:  layout_rooms, beargit_elvish_explorers, uniq_mlioglotl
Snake:3:  layout_gridlike, minmay_shoptagon, uniq_louise, uniq_saint_roka,
          uniq_jorgrun
Snake:4:  minmay_snake_end_coiled, layout_basic
Orc:1:    layout_diamond_mine, uniq_urug, uniq_fannar
Orc:2:    pf_orc_diabolical, layout_caves, gammafunk_ghost_grave,
          guppyfry_orc_lava_fort
Elf:1:    eino_elf_arrival_customs, layout_geoelf_diagonals,
          nicolae_trove_entry_diagonal, basic_altar, minmay_elf_sorcery,
          uniq_nikola
Elf:2:    elven_hall_of_blades_hangedman_original
          [nicolae_blade_entry_diamond_columns], layout_loops_corners,
          mu_enter_wizlab_1, serial_shops, shop, nrook_loot_triangle
Elf:3:    minmay_elf_hall_statues, layout_geoelf_octagon, library_closet,
          guppyfry_elf_castle
Vaults:1: grunt_vaults_hallway_short, ontoclasm_vaults_spin,
          ontoclasm_vaults_tryst, v_alt_pattern_4, vaults_mumra_chevron,
          nicolae_vaults_quadrants, v_misc_18, vaults_room_corners,
          layout_vaults_omnibox, serial_shops, nicolae_shop_hallway_plus
Vaults:2: v_misc_28, hangedman_vaults_river_flow,
          minmay_crypt_entry_simple_corners, hangedman_vaults_impose,
          nicolae_vaults_little_squares_1, hangedman_vaults_cutoff,
          vaults_room_semicircle, dpeg_vaults_monster_box,
          nicolae_vaults_little_ls, layout_vaults_omnigrid, serial_shops, shop,
          uniq_sojobo
Vaults:3: hangedman_vaults_slither, grunt_vaults_funnel, v_rooms_3,
          nicolae_vaults_diagonal_hallway_6, vaults_mumra_chevron_long,
          vaults_room_corners, nicolae_vaults_alarming,
          ontoclasm_vaults_gateway, vaults_room_stairs_pillars, st_lines,
          v_alt_pattern_5, layout_vaults_omnicross
Vaults:4: nicolae_vaults_hallways_thing, nicolae_vaults_lopsided_apartments,
          v_pattern_3, vaults_dpeg_ring, nicolae_vaults_rhombus_6,
          v_alt_pattern_3, ontoclasm_vaults_eye, nicolae_vaults_asterisk,
          v_rooms_2, v_misc_29, ontoclasm_vaults_loading_screen,
          nicolae_vaults_big_ls, vaults_mumra_minichess,
          ontoclasm_vaults_decontamination, layout_vaults_maze_bifur,
          serial_shops, nicolae_shop_crystal, uniq_bai_suzhen, uniq_margery,
          uniq_xtahua
Depths:1: layout_honeycomb, grunt_mini_vestibule, nicolae_wu_jian_wuxing_cycle,
          nicolae_qazlal_style_of_elements
Depths:2: minmay_roctagon, layout_basic, enter_ziggurat_b, hellmouth_3,
          rand_demon_pan_entry_5, infiniplex_staircase_pool_2
Depths:3: cheibrodos_leafed_vault, layout_small_grid, abyss_entry_crystal,
          hell_entry, eino_tiny_chamber, kennysheep_flooded_box
Depths:4: grunt_zot_entry_funnels, layout_gridlike, serial_hangedman_research,
          hangedman_research_electronics, hangedman_research_probablistics,
          hangedman_research_metamorphosis, hangedman_research_toxicology,
          pan_entry, nicolae_abyss_entry_one_way_or_another,
          grunt_hell_entry_dis_old
Zot:1:    layout_twisted_circle
Zot:2:    layout_onion_interference

Skill      XL: |  1  2  3  4  5  6  7  8  9 10 11 12 13 14 15 16 17 18 19 20 21 22 23 24 25 |
---------------+----------------------------------------------------------------------------+-----
Earth Magic    | 4 5 6 7 8 10 12 13 15 17 18 19 20 21 22 23 24 25 | 25.4
Fighting       | 1 2 3 4 |  4.2
Armour         | 1 2 3 4 5 |  5.9
Dodging        | 2 |  2.3
Spellcasting   | 3 4 5 6 7 8 9 10 11 12 13 14 15 16 17 18 19 20 21 | 21.7
Conjurations   | 1 2 3 4 5 7 8 9 11 13 14 15 16 17 18 19 | 19.2
Ranged Weapons | 1 |  1.3
Transmutations | 1 2 3 4 5 |  5.5
Stealth        | 3 4 5 |  5.2
Shields        | 1 2 3 4 5 7 8 9 |  9.0
Ice Magic      | 3 4 5 |  5.0
Staves         | 3 5 7 8 9 10 11 | 11.9
Evocations     | 2 4 6 7 8 9 10 | 10.0
Fire Magic     | 3 5 7 9 10 11 | 11.6
Translocations | 1 4 5 6 7 8 |  8.6
Air Magic      | 1 2 3 4 5 6 |  6.5
Maces & Flails | |  0.4
Summonings     | |  0.2

Action                     |  1- 3 |  4- 6 |  7- 9 | 10-12 | 13-15 | 16-18 | 19-21 | 22-24 | 25-27 || total
---------------------------+-------+-------+-------+-------+-------+-------+-------+-------+-------++-------
  Melee: Unarmed           |     2 |       |       |       |       |       |       |       |       ||     2
         Short sword       |     8 |    14 |    20 |    41 |     8 |       |       |       |       ||    91
         Flail             |       |    10 |    12 |       |       |       |       |       |       ||    22
         Staff             |       |       |       |       |   279 |   144 |    66 |    72 |     5 ||   566
   Fire: Sling             |       |       |    13 |       |       |       |       |       |       ||    13
   Cast: Sandblast         |    43 |    60 |   120 |   301 |       |       |       |       |       ||   524
         Stone Arrow       |       |     2 |    55 |   118 |   328 |    97 |    43 |     2 |       ||   645
         Petrify           |       |       |     1 |    26 |    33 |     7 |     6 |       |       ||    73
         Animate Armour    |       |       |       |     3 |     1 |       |       |       |       ||     4
         Iron Shot         |       |       |       |     9 |   250 |   414 |   482 |   463 |    21 ||  1639
         Iskenderun's Batt |       |       |       |       |    26 |     5 |     1 |     1 |       ||    33
         Fireball          |       |       |       |       |    28 |    63 |    16 |       |       ||   107
         Lee's Rapid Decon |       |       |       |       |    17 |     4 |       |       |       ||    21
         Freezing Cloud    |       |       |       |       |       |   154 |    72 |    20 |       ||   246
         Blink             |       |       |       |       |       |     3 |     4 |     3 |       ||    10
         Freeze            |       |       |       |       |       |     2 |       |       |       ||     2
         Lehudib's Crystal |       |       |       |       |       |     6 |    29 |    49 |     8 ||    92
         Plasma Beam       |       |       |       |       |       |       |    98 |   189 |     2 ||   289
         Passage of Golubr |       |       |       |       |       |       |    14 |    10 |       ||    24
         Shatter           |       |       |       |       |       |       |       |    20 |     6 ||    26
         Starburst         |       |       |       |       |       |       |       |     2 |       ||     2
    Use: Scroll            |     2 |       |     9 |     4 |    19 |     5 |     6 |    12 |     1 ||    58
         Potion            |       |       |     1 |     2 |     5 |     4 |       |     3 |       ||    15
   Stab: Petrified         |       |       |       |     3 |    21 |       |       |       |       ||    24
         Paralysed         |       |       |       |       |       |       |       |     2 |       ||     2
 Armour: Robe              |     3 |       |       |       |    26 |       |       |       |       ||    29
         Leather armour    |     6 |    29 |    94 |   196 |   410 |   320 |   232 |   204 |    46 ||  1537
  Dodge: Dodged            |    21 |    48 |    84 |   151 |   330 |   212 |   142 |   132 |    26 ||  1146
         Repelled          |       |       |       |       |       |    12 |     7 |    15 |     2 ||    36
  Block: Buckler           |       |       |    18 |    45 |   141 |    91 |    62 |    67 |    20 ||   444

Table legend: (Time is in decaauts)
 A = Elapsed time spent in this place.
 B = Non-inter-level travel time spent in this place.
 C = Inter-level travel time spent in this place.
 D = Time resting spent in this place.
 E = Time spent auto-exploring this place.
 F = Levels seen in this place.
 G = Mean time per level.
                   A        B        C        D        E       F      G
               +--------+--------+--------+--------+--------+-----+--------+
         Total |  80127 |  73658 |   6469 |  13294 |  45588 |  52 | 1540.9 |
       Dungeon |  21580 |  19320 |   2260 |   2035 |  13767 |  15 | 1438.7 |
        Temple |     14 |      2 |     12 |      0 |      0 |   1 |   14.0 |
          Lair |  14511 |  13569 |    942 |   3220 |   8324 |   5 | 2902.2 |
        Shoals |   7406 |   7039 |    367 |   1150 |   4954 |   4 | 1851.5 |
     Snake Pit |   9410 |   8940 |    470 |   3034 |   4031 |   4 | 2352.5 |
  Orcish Mines |   5300 |   4705 |    595 |   1276 |   2606 |   2 | 2650.0 |
   Elven Halls |   3293 |   2907 |    386 |     74 |   1991 |   3 | 1097.7 |
        Vaults |   8963 |   8099 |    864 |   1278 |   4772 |   4 | 2240.8 |
        Depths |   5244 |   4716 |    528 |    190 |   3444 |   4 | 1311.0 |
           Zot |   1604 |   1562 |     42 |    382 |    737 |   2 |  802.0 |
         Abyss |   2087 |   2087 |      0 |    561 |    737 |   6 |  347.8 |
         Trove |    120 |    120 |      0 |      0 |     49 |   1 |  120.0 |
        Wizlab |    589 |    589 |      0 |     94 |    175 |   1 |  589.0 |
               +--------+--------+--------+--------+--------+-----+--------+

Top non-repeatable levels by time:
  Lair:2: 4199 daAuts
  Lair:3: 3116 daAuts
 Snake:4: 3000 daAuts
Vaults:1: 2997 daAuts
  Lair:5: 2822 daAuts
   Orc:2: 2672 daAuts
   Orc:1: 2628 daAuts
  Lair:4: 2616 daAuts
 Snake:2: 2448 daAuts
Shoals:3: 2427 daAuts
    D:15: 2342 daAuts
Shoals:4: 2130 daAuts
Vaults:4: 2082 daAuts
 Snake:3: 2068 daAuts
Vaults:3: 2066 daAuts
